 Dungeon Crawl Stone Soup version 0.24.0-13-gcf9b3192b9 (webtiles) character file.

Game seed: 14690358757916110843, levelgen mode: classic

1896 EnegeticOcto the Cleaver (level 8, -16/106 HPs)
             Began as a Minotaur Fighter on Nov 9, 2019.
             Was a Believer of Makhleb.
             Engulfed by Pikel's freezing vapour (19 damage)
             ... on level 7 of the Dungeon.
             The game lasted 00:04:07 (6432 turns).

EnegeticOcto the Cleaver (Minotaur Fighter)         Turns: 6432, Time: 00:04:07

Health: -16/106    AC: 13    Str: 28    XL:     8   Next: 93%
Magic:  0/10       EV: 10    Int:  5    God:    Makhleb [**....]
Gold:   386        SH:  0    Dex: 10    Spells: 7/7 levels left

rFire    . . .     SeeInvis .   u - +3 battleaxe (chop)
rCold    . . .     Gourm    .   (shield currently unavailable)
rNeg     . . .     Faith    .   y - +0 chain mail
rPois    .         Spirit   +   (helmet restricted)
rElec    .         Reflect  .   w - +0 cloak
rCorr    .         Harm     .   (no gloves)
MR       +....                  q - +1 pair of boots
Stlth    ..........             b - amulet of guardian spirit
HPRegen  0.27/turn              v - ring of protection from magic (curse)
MPRegen  0.12/turn              (no ring)

@: berserking, very quick
A: retaliatory headbutt, horns 2
a: Minor Destruction, Renounce Religion


You were on level 7 of the Dungeon.
You worshipped Makhleb.
Makhleb was pleased with you.
You were not hungry.

You visited 2 branches of the dungeon, and saw 8 of its levels.
You also visited: Ossuary.

You collected 386 gold pieces.

Inventory:

Hand Weapons
 u - a +3 battleaxe of chopping (weapon)
Armour
 c - a +0 shield
 q - a +1 pair of boots (worn)
 w - a +0 cloak (worn)
 y - a +0 chain mail (worn)
Jewellery
 b - an amulet of guardian spirit (around neck)
 v - a cursed ring of protection from magic (left hand)
Scrolls
 i - 3 scrolls of fear {!r}
 j - a scroll of immolation {unknown}
 l - a scroll of fog {unknown}
 n - 8 scrolls of remove curse {@r2}
 o - a scroll of identify {@r1}
 p - 2 scrolls of teleportation {@r3}
Potions
 a - 2 potions of resistance {unknown}
 d - 5 potions of might {@q3}
 f - 3 potions of flight {unknown}
 g - 5 potions of brilliance
 r - a potion of mutation {unknown}
 s - a potion of degeneration
 t - 2 potions of heal wounds {unknown}
 x - 2 potions of agility {unknown}
 z - a potion of haste {unknown}
Comestibles
 e - 9 rations
 m - 3 chunks of flesh


   Skills:
 + Level 6.6 Fighting
 * Level 8.1 Axes
 + Level 6.4 Armour
 + Level 4.7 Dodging
 - Level 4.5 Shields
 * Level 4.8 Invocations


You had 7 spell levels left.
You didn't know any spells.
Your spell library was empty.

Dungeon Overview and Level Annotations

Branches:
Dungeon (7/15)             Temple (1/1) D:4         Ossuary (visited)

Altars:
Ashenzari
Cheibriados
Dithmenos
Elyvilon
Fedhas
Gozag
Hepliaklqana
Kikubaaqudgha
Makhleb
Nemelex Xobeh
Okawaru
Qazlal
Ru
Sif Muna
Trog
Uskayaw
Vehumet
Wu Jian
Xom
Yredelemnul
Zin
The Shining One

Annotations:
D:7 Pikel


Innate Abilities, Weirdness & Mutations

You reflexively headbutt those who attack you in melee.
You have a pair of horns on your head.


Message History

Found a stone staircase leading down.
v - a small diamond ring No target in view!
No target in view!
No target in view!
Oops, that ring feels deathly cold.
v - a cursed ring of protection from magic (left hand)
You see here a leather armour.
n - 8 scrolls of remove curse {@r2} (gained 1)
A mummy comes into view.
Found a snail-covered altar of Cheibriados.
A mummy is nearby!
A mummy is nearby!
A mummy is nearby!
You hit the mummy.
The mummy is moderately damaged.
The mummy hits you.
You hit the mummy. Your headbutt misses the mummy.
The mummy is heavily damaged.
You hit the mummy.
The mummy is severely damaged.
The mummy hits you!
You hit the mummy.
The mummy is almost destroyed.
The mummy misses you. You furiously retaliate!
You headbutt the mummy!
You destroy the mummy!
Makhleb accepts your kill.
Some of the chunks of flesh in your inventory have rotted away.
Eating one of 4 chunks of flesh.
You eat one of the 4 chunks of flesh.
This raw flesh tastes terrible.
A slave comes into view.
The slave shouts!
You hear a shout! x2
A slave is nearby!
A slave is nearby!
A slave is nearby!
You slash the slave!
The slave is moderately wounded.
The slave hits you but does no damage.
Pikel the Slaver comes into view.
He is wielding a +1 whip of freezing, wearing a +2 robe of positive energy and carrying a wand of clouds (4).
You barely miss the slave.
You headbutt the slave, but do no damage.
The slave is moderately wounded.
The slave hits you but does no damage.
You closely miss Pikel. Your headbutt misses Pikel.
Pikel zaps a wand.
Pikel creates a blast of freezing vapour!
A slave comes into view.
The slave shouts!
You slash Pikel!
Pikel is moderately wounded.
You are engulfed in freezing vapours.
You hear a shout!
Pikel hits you with a +1 whip of freezing.
Pikel freezes you.
You barely miss Pikel. You headbutt Pikel, but do no damage.
Pikel is moderately wounded.
You are engulfed in freezing vapours.
Pikel hits you but does no damage.
You are too injured to fight recklessly!
You are too injured to fight recklessly!
You are too injured to fight recklessly!
You are too injured to fight recklessly!
You are too injured to fight recklessly!
You are too injured to fight recklessly!
You are engulfed in freezing vapours.
* * * LOW HITPOINT WARNING * * *
Okay, then.
You feel better.
Unknown command.
You feel better.
Unknown command.
You start resting.
Pikel is too close now for your liking.
Pikel zaps a wand.
Pikel creates a blast of freezing vapour!
You closely miss Pikel.
Pikel is moderately wounded.
You are engulfed in freezing vapours.
* * * LOW HITPOINT WARNING * * *
Pikel zaps a wand.
Pikel creates a blast of freezing vapour!
Pikel zaps a wand.
Pikel creates a blast of negative energy!
The now-empty wand crumbles to dust.
You feel better.
You are engulfed in freezing vapours.
* * * LOW HITPOINT WARNING * * *
Pikel hits you but does no damage.
You feel better.
You are engulfed in freezing vapours.
* * * LOW HITPOINT WARNING * * *
Pikel hits you but does no damage.
You feel better.
You are engulfed in freezing vapours.
* * * LOW HITPOINT WARNING * * *
Pikel hits you with a +1 whip of freezing.
* * * LOW HITPOINT WARNING * * *
Pikel freezes you.
* * * LOW HITPOINT WARNING * * *
Okay, then.
Okay, then.
A red film seems to cover your vision as you go berserk!
You feel yourself moving faster!
You feel mighty!
You are engulfed in freezing vapours.
You die...

####. ...... #.....#
# #.....# ####.##.# #
#.###.....###§Kpp...#
#
#..........§☼@#######
# #.........§○§§# #
#......_..§§§.# #
#........§§§## #
#...........# #
###.....#### #
#.....# # #.....# #
###.###


You could see Pikel and 2 slaves.

Vanquished Creatures
  4 sky beasts
  A black bear (D:6)
  An ogre (D:6)
  2 centaurs (D:7)
  2 elf zombies (Ossuary)
  A bullfrog (D:7)
  A howler monkey (D:5)
  2 crimson imps (D:5)
  A centaur zombie (Ossuary)
  2 hounds (D:4)
  A quasit (D:6)
  A human zombie (Ossuary)
  A bullfrog zombie (D:5)
  3 orc priests
  2 orc wizards (D:6)
  An iguana (D:7)
  Jessica (D:3)
  Ijyb (D:3)
  Natasha (twice) (D:3)
  7 worker ants
  3 mummies
  2 hound skeletons
  7 adders
  4 oozes
  An adder zombie (Ossuary)
  2 worms
  A leopard gecko (D:3)
  20 orcs
  A ball python (D:2)
  5 giant cockroaches
  4 goblins
  8 hobgoblins
  10 jackals
  8 kobolds
  3 quokkas
  6 bats
  A frilled lizard (D:2)
  A goblin zombie (Ossuary)
  14 hobgoblin zombies (Ossuary)
  2 jackal zombies (Ossuary)
  5 kobold zombies (Ossuary)
  A leopard gecko skeleton (D:4)
  8 orc zombies (Ossuary)
  9 rats
  2 rat zombies (Ossuary)
165 creatures vanquished.

Notes
Turn   | Place    | Note
-------+----------+-------------------------------------------
     0 | D:1      | EnegeticOcto the Minotaur Fighter began the quest for the
                  | Orb.
     0 | D:1      | Reached XP level 1. HP: 19/19 MP: 0/0
    54 | D:1      | Reached XP level 2. HP: 27/27 MP: 1/1
   164 | D:1      | Reached skill level 3 in Axes
   678 | D:1      | Reached skill level 1 in Dodging
  1030 | D:2      | Reached XP level 3. HP: 30/33 MP: 2/2
  1583 | D:2      | Reached XP level 4. HP: 40/40 MP: 3/3
  1944 | D:3      | Noticed Natasha
  1961 | D:3      | Killed Natasha
  1961 | D:3      | Reached skill level 4 in Axes
  2173 | D:3      | Noticed Ijyb
  2185 | D:3      | Killed Ijyb
  2235 | D:3      | Reached XP level 5. HP: 45/47 MP: 4/4
  2293 | D:3      | Noticed a moth of wrath
  2294 | D:3      | Noticed Jessica
  2298 | D:3      | Killed Jessica
  2299 | D:3      | Found a bloodstained altar of Trog.
  2681 | D:3      | Noticed Natasha
  2688 | D:3      | Killed Natasha
  3148 | D:4      | Reached skill level 5 in Axes
  3148 | D:4      | Reached XP level 6. HP: 53/53 MP: 5/5
  3203 | D:4      | Found a staircase to the Ecumenical Temple.
  3221 | Temple   | Entered the Ecumenical Temple
  3325 | Temple   | Became a worshipper of Makhleb the Destroyer
  3368 | D:4      | Reached skill level 5 in Fighting
  3556 | D:4      | Reached skill level 1 in Invocations
  3800 | D:5      | Entered Level 5 of the Dungeon
  3802 | D:5      | Reached skill level 5 in Armour
  3810 | D:5      | Reached XP level 7. HP: 61/61 MP: 6/6
  3908 | D:5      | Found Fiwailuw's Gadget Boutique.
  4543 | D:5      | Reached skill level 6 in Axes
  4641 | D:5      | Found an iron altar of Okawaru.
  5150 | D:6      | Reached XP level 8. HP: 53/70 MP: 6/9
  5257 | D:6      | Found a sand-covered staircase.
  5294 | D:6      | Reached skill level 7 in Axes
  5311 | Ossuary  | Entered an ossuary
  5323 | Ossuary  | Reached * piety under Makhleb
  5385 | Ossuary  | Reached ** piety under Makhleb
  6296 | D:7      | Reached skill level 8 in Axes
  6336 | D:7      | Found a snail-covered altar of Cheibriados.
  6408 | D:7      | Noticed Pikel
  6431 | D:7      | HP: 3/71 [Pikel/+1 whip of freezing (1)]
  6432 | D:7      | Engulfed by Pikel's freezing vapour

Levels and vault maps discovered:
D:1:      erik_arrival_triangle_large, layout_loops_ring, patterned_corridor
D:2:      layout_basic
D:3:      layout_loops_ring, serial_bayou, serial_bayou_pond_d,
          serial_bayou_pond_e, serial_bayou_shore_b, serial_bayou_lagoon_b,
          tgw_trog, uniq_natasha, uniq_ijyb, uniq_jessica
D:4:      layout_basic, minmay_temple_entry_slanted, first_ration
D:5:      layout_basic, basic_altar, serial_shops, shop, grunt_ministairs_13,
          minmay_fractal_squares_5
D:6:      layout_basic, nicolae_ossuary_entry_monument, feat_on_display
D:7:      layout_basic, slow_altar_1, uniq_pikel
Temple:   kilobyte_greek_temple

Skill      XL: |  1  2  3  4  5  6  7  8 |
---------------+-------------------------+-----
Axes           | 3 4 5 6 8 |  8.1
Dodging        | 1 2 3 4 |  4.7
Fighting       | 4 5 6 |  6.6
Shields        | 4 |  4.5
Armour         | 4 5 6 |  6.4
Invocations    | 1 3 4 |  4.8

Action                   |  1- 3 |  4- 6 |  7- 9 || total
-------------------------+-------+-------+-------++-------
Melee: War axe           |    71 |    75 |       ||   146
       Headbutt          |     7 |    16 |    29 ||    52
       Battleaxe         |       |    45 |   166 ||   211
  Use: Scroll            |       |       |    12 ||    12
       Potion            |       |       |     6 ||     6
  Eat: Chunk             |     2 |     7 |     6 ||    15
       Ration            |       |       |     1 ||     1
Armor: Scale mail        |    25 |    54 |       ||    79
       Chain mail        |       |       |   110 ||   110
Dodge: Dodged            |    24 |    63 |    76 ||   163
Block: Shield            |    38 |    43 |       ||    81
